AoeStats
← Dodô Pressão

Black Forest

504816240Analyzed
3v3 RM · 27d ago on Sep 6, 2026· 47m 10s· 6 players
Game mode
Random Map
Map size
Normal (6 player)
Population
200
Speed
Normal
Resources
Standard
Victory
Conquest
Starting age
Dark Age
Ending age
Imperial Age
RankedLock teamsTeams togetherTeam positionsShared explorationLock speedFull tech treeHidden civsTurbo modeCheats
Victory
Defeat
🇧🇷 Georgians · Brazil
536
+18
🇦🇷 Italians · Argentina
499
+19
🇬🇧 Portuguese · United Kingdom
452
+22
🇬🇧 Bohemians · United Kingdom
590
-20
🇨🇿 Persians · Czechia
583
-20
🇨🇿 Romans · Czechia
549
-19
F1TRACER
16:13 Feudal Age
17:45 Double-Bit Axe
22:20 Wheelbarrow
23:44 Fishing Lines
26:58 Castle Age
25:53 Fletching
26:04 Scale Mail Armor
28:47 Bow Saw
28:55 Gillnets
29:43 Silk Road
31:32 Caravan
32:56 Gold Mining
32:56 Stone Mining
37:55 Hand Cart
40:22 Imperial Age
39:25 Fortified Wall
39:05 Heated Shot
40:12 Bodkin Arrow
42:43 Two-Man Saw
43:41 Chemistry
42:26 Onager
44:15 Conscription
43:52 Horse Collar
46:56 Elite Genoese Crossbowman
47:49 Pirotechnia
greninja88
0:33 Loom
14:47 Feudal Age
15:17 Double-Bit Axe
23:36 Castle Age
21:47 Horse Collar
22:00 Gold Mining
22:04 Stone Mining
22:38 Fletching
22:59 Forging
24:12 Wheelbarrow
23:23 Town Watch
24:13 Scale Mail Armor
24:14 Padded Archer Armor
24:39 Bow Saw
29:22 Hand Cart
29:41 Ballistics
29:17 Murder Holes
30:33 Bodkin Arrow
31:14 Iron Casting
35:25 Imperial Age
33:28 Town Patrol
33:35 Bodkin Arrow
34:16 Iron Casting
33:57 Chain Mail Armor
34:29 Pikeman
35:29 Town Patrol
39:25 Blast Furnace
40:28 Chemistry
41:16 Caravan
44:22 Conscription
Dodô Pressão
3:12 Loom
15:37 Feudal Age
20:09 Castle Age
28:59 Horse Collar
30:54 Scale Barding Armor
31:00 Forging
33:32 Double-Bit Axe
33:38 Gold Mining
33:38 Stone Mining
34:33 Wheelbarrow
37:08 Imperial Age
35:32 Fortified Wall
35:54 Hand Cart
35:56 Bow Saw
36:05 Svan Towers
45:14 Iron Casting
44:39 Scale Mail Armor
44:59 Chain Barding Armor
44:30 Fletching
44:40 Padded Archer Armor
44:26 Elite Monaspa
45:23 Aznauri Cavalry
45:39 Conscription
47:53 Blast Furnace
47:09 Chain Mail Armor
Marryhuan84
12:09 Feudal Age
10:30 Loom
13:28 Wheelbarrow
12:41 Double-Bit Axe
25:48 Castle Age
25:58 Forging
25:50 Scale Mail Armor
25:51 Padded Archer Armor
26:54 Hand Cart
27:07 Caravan
27:36 Bow Saw
30:08 Leather Archer Armor
32:34 Fortified Wall
32:48 Ballistics
33:04 Caravan
33:05 Horse Collar
34:53 Wagenburg Tactics
41:35 Chemistry
44:20 Imperial Age
MikinhoCZE
0:27 Loom
10:36 Feudal Age
15:44 Double-Bit Axe
21:43 Castle Age
21:06 Gold Mining
21:07 Stone Mining
31:02 Bow Saw
30:37 Horse Collar
31:35 Gold Shaft Mining
32:49 Heavy Plow
35:03 Bloodlines
35:00 Scale Barding Armor
35:06 Forging
40:25 Chain Barding Armor
40:36 Husbandry
42:27 Iron Casting
46:20 Imperial Age
44:34 Wheelbarrow
46:37 Cavalier
47:58 Plate Barding Armor
Dvor9269
1:04 Loom
13:18 Feudal Age
14:00 Double-Bit Axe
17:53 Horse Collar
18:34 Gold Mining
19:25 Stone Mining
26:06 Castle Age
27:07 Bow Saw
27:54 Caravan
28:26 Coinage
28:58 Gold Shaft Mining
29:19 Squires
28:40 Man-at-Arms
31:57 Long Swordsman
44:53 Forging
44:44 Scale Mail Armor
44:50 Scale Barding Armor
45:37 Wheelbarrow
Connection lost

Rejoining the realm…

Still unreachable

The connection could not be restored.

Session expired

The server has moved on; the page needs a fresh start.